 Dungeon Crawl Stone Soup version 0.18.1-48-g4cf74bf (webtiles) character file.

56 poirepourri the Digger (level 3, -9/19 HPs)
             Began as a Gargoyle Earth Elementalist on July 7, 2016.
             Killed from afar by Sigmund (10 damage)
             ... with a magic dart
             ... on level 2 of the Dungeon.
             The game lasted 00:03:49 (2253 turns).

poirepourri the Digger (GrEE)                       Turns: 2253, Time: 00:03:50

Health: -9/19      AC:  7    Str: 11    XL:     3   Next: 95%
Magic:  0/7        EV: 17    Int: 16    God:
Gold:   32         SH:  0    Dex: 15    Spells: 3 memorised, 2 levels left

rFire  . . .     SeeInvis .     b - 7 stones
rCold  . . .     Gourm    .     a - +1 robe
rNeg   + . .     Faith    .     (no shield)
rPois  ∞         Spirit   .     (no helmet)
rElec  +         Dismiss  .     (no cloak)
rCorr  .         Reflect  .     (no gloves)
SustAt .         Harm     .     k - +0 pair of boots
MR     .....                    (no amulet)
Stlth  +++.......               (no ring)
                                (no ring)

@: agile, not resistant to hostile enchantments, fairly stealthy
A: negative energy resistance 1, electricity resistance, unbreathing,
petrification resistance, rot immunity, AC +3
a: no special abilities


You were on level 2 of the Dungeon.
You were not hungry.

You visited 1 branch of the dungeon, and saw 2 of its levels.

You collected 32 gold pieces.

Inventory:

Missiles
 b - 7 stones (in hand)
Armour
 a - a +1 robe (worn)
 k - a +0 pair of boots (worn)
Potions
 j - a potion of mutation
Books
 c - a book of Geomancy

   Spells                             Type                      Level
   a - Sandblast                      Earth                        1
   b - Passwall                       Transmutation/Earth          2
   c - Stone Arrow                    Conjuration/Earth            3
   d - Petrify                        Transmutation/Earth          4
   e - Lee's Rapid Deconstruction     Earth                        5


   Skills:
 - Level 1.5 Dodging
 - Level 2.1 Stealth
 * Level 3.0 Spellcasting
 - Level 0.7 Transmutations
 + Level 4.7 Earth Magic


You had 2 spell levels left.
You knew the following spells:

 Your Spells              Type           Power        Failure   Level  Hunger
a - Sandblast             Erth           ###...       3%          1    #......
b - Passwall              Trmt/Erth      ##........   12%         2    ##.....
c - Stone Arrow           Conj/Erth      ##....       21%         3    ###....


Dungeon Overview and Level Annotations

Branches:
Dungeon (2/15)

Altars:
Zin

Shops:
D:2 *

Annotations:
D:2 Sigmund


Innate Abilities, Weirdness & Mutations

You are resistant to torment.
Your stone body is resilient (AC +3).
You are immune to poison.
You resist negative energy.
You are resistant to electric shocks.
You can survive without breathing.
You are immune to petrification.
You are immune to rotting.


Message History

Aim: Sigmund, wielding a scythe and wearing a runed robe (heavily wounded)
You miscast Sandblast.
You are very lightly contaminated with residual magic.
You feel a surge of energy from the ground.
Sigmund hits you but does no damage.
Drink which item? (? for menu, Esc to quit)
It was a potion of cancellation.
Your magical effects are unravelling.
Your magical contamination has completely faded away.
You feel magically purged.
You feel a little less agile now. Sigmund hits you but does no damage.
Drink which item? (? for menu, Esc to quit)
You feel agile all of a sudden.
You feel less woody.
Your +0 pair of boots unmelds from your body.
Your +1 robe unmelds from your body.
Sigmund casts a spell at you. The magic dart hits you!
Ouch! That really hurt!
You die...

########'##
#..#
####'###
#......#
#......#
#......#
#......#
#......#
######@##
#.$# #..@.#
#....%#
#.....#
#......
#....#..
#....#..#
#....#..#


You could see Sigmund.

Vanquished Creatures
  An ooze (D:1)
  A dart slug (D:1)
  2 giant geckos (D:1)
  5 ball pythons
  2 bats
  A giant cockroach (D:1)
  9 goblins (D:1)
  6 hobgoblins (D:1)
  2 jackals (D:1)
  2 kobolds (D:1)
  2 quokkas
  2 giant newts (D:1)
  8 rats
43 creatures vanquished.

Notes
Turn   | Place    | Note
--------------------------------------------------------------
     0 | D:1      | poirepourri the Gargoyle Earth Elementalist began the quest for the Orb.
     0 | D:1      | Reached XP level 1. HP: 10/10 MP: 3/3
   256 | D:1      | Reached XP level 2. HP: 15/15 MP: 3/5
   290 | D:1      | Reached skill level 4 in Earth Magic
   502 | D:1      | Learned a level 2 spell: Passwall
   588 | D:1      | Reached XP level 3. HP: 19/19 MP: 0/6
  1230 | D:1      | Learned a level 3 spell: Stone Arrow
  2149 | D:2      | Found Zin's Purification Station.
  2151 | D:2      | Found a glowing silver altar of Zin.
  2236 | D:2      | Noticed Sigmund
  2253 | D:2      | Killed from afar by Sigmund

Skill      XL: |  1  2  3 |
---------------+----------+-----
Earth Magic    | 4 |  4.7
Spellcasting   | 3 |  3.0
Dodging        | |  1.5
Stealth        | |  2.1
Transmutations | |  0.7

Action                   || total
-------------------------++-------
Melee: Unarmed           ||     3
 Cast: Sandblast         ||    90
  Use: Scroll            ||     5
       Potion            ||     4
  Eat: Bread ration      ||     1
       Royal jelly       ||     1
Armor: Robe              ||    30
       Skin              ||     1
Dodge: Dodged            ||    35
